 Dungeon Crawl Stone Soup version 0.19.3-4-gbf9329e (webtiles) character file.

282 sankara the Cutter (level 6, -10/51 HPs)
             Began as a Draconian Enchanter on Jan 27, 2017.
             Mangled by a mummy (11 damage)
             ... in an ossuary.
             The game lasted 00:12:39 (4226 turns).

sankara the Cutter (Draconian Enchanter)            Turns: 4226, Time: 00:12:42

Health: -10/51     AC:  8    Str: 15    XL:     6   Next: 6%
Magic:  2/9        EV: 13    Int: 16    God:
Gold:   106        SH:  0    Dex: 13    Spells: 3 memorised, 3 levels left

rFire  . . .     SeeInvis .     a - +2 dagger
rCold  . . .     Gourm    .     (armour unavailable)
rNeg   . . .     Faith    .     (no shield)
rPois  .         Spirit   .     (helmet restricted)
rElec  .         Reflect  .     (no cloak)
rCorr  .         Harm     .     (no gloves)
MR     .....                    u - +1 pair of boots
Stlth  ++........               r - amulet of magic regeneration
                                (no ring)
                                (no ring)

@: mighty, very slightly contaminated
A: unfitting armour, cold-blooded, AC +6
a: no special abilities


You were in an ossuary.
You were very hungry.

You visited 1 branch of the dungeon, and saw 4 of its levels.
You also visited: Ossuary.

You collected 106 gold pieces.

Inventory:

Hand Weapons
 a - a +2 dagger (weapon)
Missiles
 d - 122 stones (quivered)
 n - 22 poisoned needles
Armour
 u - a +1 pair of boots (worn)
Jewellery
 r - an amulet of magic regeneration (around neck)
Scrolls
 e - 7 scrolls of identify
 f - a scroll of amnesia {unknown}
 g - a scroll of fog
 i - a scroll of blinking
 k - a scroll of enchant weapon
 l - 3 scrolls of remove curse
 o - a scroll of teleportation
Potions
 p - a potion of berserk rage {unknown}
 s - a potion of brilliance {unknown}
 v - a potion of agility {unknown}
Books
 b - a book of Maledictions

   Spells                             Type                      Level
   a - Corona                         Hexes                        1
   b - Ensorcelled Hibernation        Hexes/Ice                    2
   c - Confuse                        Hexes                        3
   d - Tukima's Dance                 Hexes                        3
   e - Dazzling Spray                 Conjuration/Hexes            3
Comestibles
 c - 5 bread rations
 h - a beef jerky
 j - a royal jelly
 q - a meat ration


   Skills:
 + Level 3.3 Fighting
 + Level 3.9 Short Blades
 + Level 3.4 Dodging
 - Level 2.6 Stealth
 - Level 2.0 Spellcasting
 - Level 2.6 Hexes


You had 3 spell levels left.
You knew the following spells:

 Your Spells              Type           Power        Failure   Level  Hunger
a - Corona                Hex            ##.....      10%         1    #......
b - Ensorcelled Hibernat  Hex/Ice        #.....       21%         2    ###....
c - Confuse               Hex            ##......     21%         3    ###....


Dungeon Overview and Level Annotations

Branches:
Dungeon (4/15)
 Temple: D:4-7

Altars:


Innate Abilities, Weirdness & Mutations

Your plain brown scales are hard. (AC +6)
You cannot fit into any form of body armour.
You are cold-blooded and may be slowed by cold attacks.


Message History

You hit the mummy but do no damage.
The mummy is heavily damaged.
The mummy hits you.
You hit the mummy.
The mummy is heavily damaged.
The bog mummy casts a spell at you. The puff of frost hits you!
You hit the mummy.
You tail-slap the mummy, but do no damage.
The mummy is severely damaged.
The quokka zombie misses you. The mummy hits you!
* * * LOW HITPOINT WARNING * * *
It was a potion of might.
You feel very mighty all of a sudden.
The quokka zombie bites you but does no damage.
The bog mummy gestures at you while chanting.
The puff of frost hits you!
* * * LOW HITPOINT WARNING * * *
The mummy hits you!
You die...

########
#.#.≈M≈
#+#+#+#MZ.#+#
...Z...MMZ≈≈+
##'##'##@##≈#
# #...# #.∩.#
#∩..# #####


You could see 2 mummies, a bog mummy, an adder zombie, a quokka zombie and a
wyvern zombie (wandering).

Vanquished Creatures
  A howler monkey (D:4)
  A hound (D:2)
  A worker ant (D:4)
  3 mummies
  A worker ant zombie (Ossuary)
  6 adders
  2 oozes (D:1)
  2 worms
  A dart slug (D:3)
  2 orcs
  3 ball pythons
  7 bats
  5 giant cockroaches
  12 goblins
  6 hobgoblins
  7 jackals (D:2)
  A quokka (D:2)
  5 frilled lizards
  8 kobolds
  9 rats
83 creatures vanquished.

Notes
Turn   | Place    | Note
-------+----------+-------------------------------------------
     0 | D:1      | sankara the Draconian Enchanter began the quest for the Orb.
     0 | D:1      | Reached XP level 1. HP: 14/14 MP: 3/3
   493 | D:1      | Reached XP level 2. HP: 13/22 MP: 1/5
   513 | D:1      | Learned a level 2 spell: Ensorcelled Hibernation
  1211 | D:1      | Reached skill level 1 in Fighting
  1222 | D:1      | Reached XP level 3. HP: 28/28 MP: 6/6
  1797 | D:2      | Reached XP level 4. HP: 19/36 MP: 7/7
  2411 | D:2      | Learned a level 3 spell: Confuse
  3474 | D:3      | Reached XP level 5. HP: 42/42 MP: 5/8
  4161 | D:4      | Found a sand-covered staircase.
  4187 | Ossuary  | Entered an ossuary
  4216 | Ossuary  | Reached XP level 6. HP: 23/51 MP: 3/9
  4226 | Ossuary  | HP: 1/51 [bog mummy/puff of frost (7)]
  4226 | Ossuary  | Mangled by a mummy

Skill      XL: |  1  2  3  4  5 |
---------------+----------------+-----
Dodging        | 2 3 |  3.4
Short Blades   | 2 3 |  3.9
Fighting       | 1 2 3 |  3.3
Stealth        | |  2.6
Spellcasting   | |  2.0
Hexes          | |  2.6

Action                   |  1- 3 |  4- 6 || total
-------------------------+-------+-------++-------
Melee: Dagger            |   132 |   239 ||   371
       Tailslap          |    10 |    26 ||    36
 Cast: Corona            |     8 |     1 ||     9
       Ensorcelled Hiber |       |     7 ||     7
       Confuse           |       |     5 ||     5
  Use: Potion            |     1 |     1 ||     2
       Scroll            |       |     8 ||     8
 Stab: Sleeping          |    12 |     9 ||    21
       Confused          |       |     1 ||     1
  Eat: Chunk             |     3 |     8 ||    11
Armor: Skin              |    50 |    57 ||   107
Dodge: Dodged            |    61 |   138 ||   199
